 Dungeon Crawl Stone Soup version 0.31.0-9-g3a7656b989 (webtiles) character file.

Game seed: 4655865736948608999

114 qw the Shooter (level 4, 0/23 HPs)
             Began as a Spriggan Hunter on Feb 2, 2024.
             Slain by a goblin
             ... wielding a +0 club
             ... led by Robin
              (4 damage)
             ... on level 2 of the Dungeon.
             The game lasted 00:00:03 (1288 turns).

qw the Shooter (Spriggan Hunter)                    Turns: 1288, Time: 00:00:04

Health: 0/23       AC:  2    Str:  7    XL:     4   Next: 66%
Magic:  5/5        EV: 20    Int: 10    God:
Gold:   87         SH:  0    Dex: 20    Spells: 3/3 levels left

rFire   . . .        a - +0 shortbow
rCold   . . .        (shield currently unavailable)
rNeg    . . .        c - +0 robe
rPois   .            (helmet restricted)
rElec   .            (no cloak)
rCorr   .            (gloves unavailable)
SInv    +            (boots unavailable)
Will    .....        (no amulet)
Stlth   ++           (no ring)
HPRegen 0.23/turn    (no ring)
MPRegen 0.09/turn

%: no passive effects
@: very quick
A: very small, no large weapons, unfitting armour, see invisible, speed 3
a: no special abilities


You were on level 2 of the Dungeon.
You visited 1 branch of the dungeon, and saw 2 of its levels.

You collected 87 gold pieces.


Innate Abilities, Weirdness & Mutations

You are very small and have problems with some larger weapons.
You are too small for most types of armour.
You have supernaturally acute eyesight. (SInv)
You cover ground extremely quickly. (Speed+++)


   Skills:
 + Level 1.7 Fighting
 - Level 5.0 Ranged Weapons
 - Level 5.0 Dodging
 - Level 1.5 Stealth


You had 3 spell levels left.
You didn't know any spells.
Your spell library was empty.

Inventory:

Hand Weapons
 a - a +0 shortbow (weapon)
Armour
 c - a +0 robe (worn)
Wands
 g - a wand of polymorph (1)
Scrolls
 d - 2 scrolls of amnesia {unknown}
 e - a scroll of acquirement {unknown}
 f - a scroll of identify {unknown}
Potions
 b - a potion of heal wounds {unknown}
 h - a potion of ambrosia {unknown}

Dungeon Overview and Level Annotations

Branches:
Dungeon (2/15)

Altars:

Shops:
D:2 [

Annotations:
D:2 Robin


Message History

You shoot an arrow. The arrow hits the goblin!
You kill the goblin!
Robin throws the goblin at you!
A hobgoblin comes into view.
The hobgoblin hits you. The goblin hits you with a +0 dagger.
You shoot an arrow. The arrow barely misses the goblin.
The hobgoblin misses you.
A hobgoblin comes into view.
The goblin hits you with a +0 dagger.
You shoot an arrow. The arrow closely misses the goblin.
The hobgoblin closely misses you. The goblin hits you but does no damage.
You shoot an arrow. The arrow closely misses the goblin.
The hobgoblin misses you. The goblin misses you.
The goblin completely misses you.
A goblin comes into view. It is wielding a +0 club.
The hobgoblin closely misses you.
You shoot an arrow. The arrow hits the goblin!
You kill the goblin!
Robin throws the goblin at you! The hobgoblin completely misses you.
The goblin closely misses you.
You shoot an arrow. The arrow closely misses the goblin.
The hobgoblin misses you. The goblin barely misses you.
You shoot an arrow. The arrow closely misses the goblin.
The hobgoblin misses you. The goblin closely misses you.
You shoot an arrow.
The arrow hits the goblin but does no damage.
The hobgoblin completely misses you. The goblin completely misses you.
You shoot an arrow. The arrow hits the goblin.
The goblin is heavily wounded.
The hobgoblin completely misses you. The goblin misses you.
You shoot an arrow. The arrow closely misses the goblin.
The hobgoblin misses you. The goblin misses you.
You shoot an arrow. The arrow misses the goblin.
The hobgoblin no longer looks unusually strong.
The hobgoblin closely misses you. The goblin misses you.
You shoot an arrow. The arrow completely misses the goblin.
Robin roars a battlecry!
The hobgoblin goes into a battle-frenzy!
The hobgoblin hits you. The goblin hits you with a +0 club.
You die... ..( .#. .) . ###. >.. #gg

...... #g#......
#g#..... #@##... #g##..#
#.##..# .# #+## #.##..#
.# ##...## #.....# .#
##.....## ####.#### .#
##.......## #......#
.###.<.......####...##.#
.............+.......#.#


You could see Robin, 3 hobgoblins and a goblin (strong).

Vanquished Creatures
  Terence (D:2)
  Jessica (D:2)
  3 adders (D:2)
  A dart slug (D:1)
  A ribbon worm (D:2)
  5 bats (D:1)
  A giant cockroach (D:1)
  7 goblins (D:2)
  5 hobgoblins
  3 jackals (D:1)
  2 ball pythons (D:1)
  A frilled lizard (D:2)
  A rat (D:1)
32 creatures vanquished.

Notes
Turn   | Place    | Note
-------+----------+-------------------------------------------
     0 | D:1      | qw the Spriggan Hunter began the quest for the Orb.
     0 | D:1      | Reached XP level 1. HP: 10/10 MP: 2/2
     0 | D:1      | 0 ||| qw: Version: 0.3-a-155-g5e7d8dd
     0 | D:1      | 0 ||| qw: Game counter: 1414
     0 | D:1      | 0 ||| qw: Melee chars always use a shield: true
     0 | D:1      | 0 ||| qw: God list: Okawaru
     0 | D:1      | 0 ||| qw: Allow faded altars: false
     0 | D:1      | 0 ||| qw: Do Orc after clearing Dungeon:15 true
     0 | D:1      | 0 ||| qw: Do second Lair branch before Depths: true
     0 | D:1      | 0 ||| qw: Lair rune preference: random
     0 | D:1      | 0 ||| qw: Goals: Normal
     0 | D:1      | 0 ||| PLANNING D:1-11
     4 | D:1      | Noticed a black mamba
    35 | D:1      | Reached skill level 3 in Dodging
   120 | D:1      | Reached XP level 2. HP: 14/14 MP: 3/3
   352 | D:1      | Noticed an anaconda
   501 | D:1      | 501 ||| READING 2 scrolls labelled ALESEH CUMUT.
   505 | D:1      | 505 ||| READING scroll labelled NUOTHR ISOINU.
   506 | D:1      | 506 ||| READING scroll labelled BICIYNN YWIKLO.
   506 | D:1      | 506 ||| ENCHANTING +0 shortbow.
   507 | D:1      | 507 ||| READING scroll labelled HOPIKY CIVI.
   508 | D:1      | 508 ||| DROPPING scroll of butterflies.
   548 | D:2      | Found Udiuh's Antique Armour Boutique.
   551 | D:2      | 551 ||| SHOPLISTING runed robe (96 gold, have 52).
   692 | D:2      | Noticed Terence
   696 | D:2      | HP: 3/14 [Terence/+0 flail (2)]
   697 | D:2      | 697 ||| READING scroll of teleportation.
   700 | D:2      | HP: 1/14 [adder (3)]
   703 | D:2      | Reached XP level 3. HP: 2/18 MP: 4/4
   839 | D:2      | Killed Terence
   995 | D:2      | Noticed Jessica
   998 | D:2      | Killed Jessica
   999 | D:2      | Reached XP level 4. HP: 22/22 MP: 5/5
  1274 | D:2      | Noticed Robin
  1277 | D:2      | HP: 5/23 [goblin/+0 dagger[Robin] (6)]
  1288 | D:2      | HP: 4/23 [hobgoblin[Robin] (1)]
  1288 | D:2      | Slain by a goblin

Levels and vault maps discovered:
D:1:      sevenhm_arrival_forest_fort_small_2, layout_rooms,
          chequers_serial_rivers_micro_e, nicolae_figureground_sparkle
D:2:      layout_loops_corners, serial_shops, nicolae_shop_behind_doors,
          uniq_robin, uniq_terence, uniq_jessica

Skill      XL: |  1  2  3  4 |
---------------+-------------+-----
Dodging        | 3 4 5 |  5.0
Ranged Weapons | 5 |  5.0
Fighting       | |  1.7
Stealth        | |  1.5

Action                     |  1- 3 |  4- 6 || total
---------------------------+-------+-------++-------
   Fire: Shortbow          |    78 |    35 ||   113
    Use: Scroll            |     5 |       ||     5
 Armour: Robe              |     8 |    14 ||    22
  Dodge: Dodged            |    52 |    28 ||    80

Table legend:
 A = Non-vault XP
 B = Vault XP
 C = Vault XP percentage of total XP
 D = Non-vault monster count
 E = Vault monster count
 F = Vault count percentage of total count
                 A         B        C        D         E       F
            +---------+---------+-------+---------+---------+-------
      Total |      80 |      83 |  50.9 |      25 |       7 |  21.9
            +---------+---------+-------+---------+---------+-------
        D:1 |      26 |       0 |   0.0 |      15 |       0 |   0.0
        D:2 |      54 |      83 |  60.6 |      10 |       7 |  41.2
            +---------+---------+-------+---------+---------+-------
